 Dungeon Crawl Stone Soup version 0.16.1-11-g651b585 (webtiles) character file.

37 jacksonaction the Conjurer (level 3, -3/24 HPs)
             Began as a Demonspawn Wizard on Apr 5, 2015.
             Slain by an adder (4 damage)
             ... on level 2 of the Dungeon.
             The game lasted 00:10:30 (1830 turns).

jacksonaction the Conjurer (Demonspawn Wizard)      Turns: 1830, Time: 00:10:30

Health: -3/24      AC:  2    Str:  7    XL:     3   Next: 21%
Magic:  0/7        EV: 12    Int: 20    God:
Gold:   52         SH:  0    Dex: 11    Spells: 2 memorised, 5 levels left

rFire  . . .     SeeInvis .     (no weapon)
rCold  . . .     Clarity  .     a - +0 robe
rNeg   . . .     SustAb   .     (no shield)
rPois  .         Gourm    .     b - +0 hat
rElec  .         Spirit   .     (no cloak)
rCorr  .         Warding  .     (no gloves)
rMut   .         Stasis   .     (no boots)
MR     .....                    (no amulet)
Stlth  ++........               (no ring)
                                (no ring)

@: not resistant to hostile enchantments, unstealthy
A: powered by pain 2
a: no special abilities


You were on level 2 of the Dungeon.
You were near starving.

You visited 1 branch of the dungeon, and saw 3 of its levels.

You collected 52 gold pieces.

Inventory:

Missiles
 k - 49 stones (quivered)
 l - 3 needles of confusion
Armour
 a - a +0 robe (worn)
 b - a +0 hat (worn)
Scrolls
 e - a scroll of teleportation {unknown}
 j - a scroll of identify {unknown}
Potions
 g - a potion of heal wounds {unknown}
 m - a potion of lignification {unknown}
Books
 c - a book of Minor Magic

   Spells                             Type                      Level
   a - Magic Dart                     Conjuration                  1
   b - Blink                          Translocation                2
   c - Call Imp                       Summoning                    2
   d - Repel Missiles                 Charms/Air                   2
   e - Slow                           Hexes                        2
   f - Conjure Flame                  Conjuration/Fire             3
   g - Mephitic Cloud                 Conjuration/Poison/Air       3
Comestibles
 d - 2 bread rations
 f - a meat ration
 h - a slice of pizza
 i - 3 fruits


   Skills:
 - Level 1.7 Dodging
 - Level 1.7 Stealth
 - Level 3.0 Spellcasting
 + Level 3.1 Conjurations
 - Level 1.1 Summonings
   Level 0.8 Translocations


You had 5 spell levels left.
You knew the following spells:

 Your Spells              Type           Power        Failure   Level  Hunger
a - Magic Dart            Conj           ###.         4%          1    None
b - Call Imp              Summ           #.......     17%         2    ##.....


Dungeon Overview and Level Annotations

Branches:
Dungeon (3/15)

Altars:

Annotations:
D:3 Grinder, Robin


Innate Abilities, Weirdness & Mutations

You sometimes gain power by taking damage.


Message History

* * * LOW HITPOINT WARNING * * *
Your crimson imp blinks!
Your crimson imp hits the adder.
The adder bites you.
* * * LOW HITPOINT WARNING * * *
Your crimson imp barely misses the adder.
There is a fountain of clear blue water here.
The adder bites you.
* * * LOW HITPOINT WARNING * * *
Casting: Magic Dart
Confirm with . or Enter, or press ? or * to list all spells.
Aiming: Magic Dart
Press: ? - help, Shift-Dir - straight line, f/p - adder
Aim: an adder (lightly wounded)
The magic dart hits the adder.
The adder is severely wounded.
The adder closely misses you.
Your crimson imp misses the adder.
You hit the adder.
The adder is almost dead.
The adder bites you.
You die...

.##..(.# #.# #.### #
.##....####.# ##...## .###
)........##.###.###.##......
.#..............# #...%.....
.#.......####g..###.##.####.
####.>.######.#....###.#
....)..........⌠5......#
....."#.####..#.S.######
#####.#.# #....@.# ...##†#.#
#####..# ...##.#.# #..#
g..##g#.# #..#
.(###S#.###### #..#
#.###.#....<.# #..#
....#5######.# #.## ...g#.#
#.# #.# ......# #.# ..#


You could see an adder, a hobgoblin and a friendly crimson imp.

Vanquished Creatures
  An ooze (D:1)
  A giant cockroach (D:1)
  4 goblins (D:1)
  2 hobgoblins
  5 kobolds
  A ball python (D:2)
  6 bats (D:1)
  2 giant geckos (D:1)
  5 giant newts
  A quokka (D:2)
  A rat (D:1)
29 creatures vanquished.

Vanquished Creatures (collateral kills)
  An adder (D:2)
1 creature vanquished.

Grand Total: 30 creatures vanquished

Notes
Turn   | Place    | Note
--------------------------------------------------------------
     0 | D:1      | jacksonaction, the Demonspawn Wizard, began the quest for the Orb.
     0 | D:1      | Reached XP level 1. HP: 13/13 MP: 4/4
   520 | D:1      | Gained mutation: You sometimes gain a little power by taking damage. [demonic ancestry]
   520 | D:1      | Reached XP level 2. HP: 19/19 MP: 3/6
   652 | D:1      | Learned a level 2 spell: Call Imp
  1613 | D:2      | Gained mutation: You sometimes gain power by taking damage. [demonic ancestry]
  1613 | D:2      | Reached XP level 3. HP: 24/24 MP: 5/7
  1781 | D:3      | Noticed Robin
  1783 | D:3      | Noticed Grinder
  1827 | D:2      | HP: 1/24 [adder (1)]
  1830 | D:2      | Slain by an adder

Action                   || total
-------------------------++-------
Melee: Unarmed           ||     1
Throw: Stone             ||     2
 Cast: Magic Dart        ||    56
       Call Imp          ||     4
  Eat: Chunk             ||     1
